AoeStats
← MeowMe

Hill Fort

506610075Analyzed
3v3 RM · 17d ago on Sep 14, 2026· 63m 25s· 6 players
Game mode
Random Map
Map size
Normal (6 player)
Population
200
Speed
Normal
Resources
Standard
Victory
Conquest
Starting age
Dark Age
Ending age
Imperial Age
RankedLock teamsTeams togetherTeam positionsShared explorationLock speedFull tech treeHidden civsTurbo modeCheats
Victory
Defeat
🇧🇾 Slavs · Belarus
1490
+17
🇷🇺 Tatars · Russia
1475
+18
🇬🇪 Shu · Georgia
1424
+20
1544
-20
🇳🇱 Celts · Netherlands
1535
-19
🇳🇱 Lithuanians · Netherlands
1455
-16
OLADUSHEK
11:31 Feudal Age
15:22 Castle Age
13:21 Double-Bit Axe
13:39 Horse Collar
16:14 Bow Saw
16:36 Light Cavalry
18:58 Wheelbarrow
19:45 Heavy Plow
20:56 Husbandry
21:08 Forging
21:52 Bloodlines
22:56 Scale Barding Armor
24:13 Hand Cart
23:44 Loom
24:28 Town Watch
24:45 Gold Mining
26:11 Gold Shaft Mining
26:29 Stone Mining
30:18 Imperial Age
28:26 Chain Barding Armor
28:41 Iron Casting
29:30 Fletching
30:27 Detinets
31:04 Masonry
31:16 Ballistics
31:51 Plate Barding Armor
32:16 Blast Furnace
31:38 Town Patrol
32:22 Crop Rotation
32:55 Two-Man Saw
31:52 Bodkin Arrow
32:21 Conscription
31:50 Elite Boyar
34:06 Crop Rotation
35:12 Coinage
35:37 Ballistics
36:18 Chemistry
36:25 Banking
36:27 Devotion
39:45 Hoardings
41:25 Caravan
40:57 Man-at-Arms
41:37 Squires
41:39 Scale Mail Armor
43:01 Siege Engineers
43:09 Long Swordsman
43:50 Druzhina
44:39 Chain Mail Armor
43:45 Two-Handed Swordsman
44:51 Champion
49:04 Sappers
50:06 Plate Mail Armor
51:13 Capped Ram
52:11 Siege Ram
56:16 Pikeman
59:31 Halberdier
SiraZaika
11:23 Feudal Age
10:39 Loom
13:20 Double-Bit Axe
15:48 Castle Age
13:52 Horse Collar
16:21 Fletching
16:36 Town Watch
17:52 Bodkin Arrow
20:24 Padded Archer Armor
22:02 Bloodlines
23:07 Wheelbarrow
24:40 Husbandry
25:42 Bow Saw
27:08 Hand Cart
27:33 Ballistics
33:05 Imperial Age
32:34 Leather Archer Armor
34:04 Bracer
34:34 Ring Archer Armor
35:07 Chemistry
34:17 Sappers
35:08 Conscription
35:02 Heavy Cavalry Archer
36:42 Scale Barding Armor
36:47 Forging
39:19 Chain Barding Armor
41:36 Town Patrol
43:17 Timurid Siegecraft
43:08 Silk Armor
52:05 Plate Barding Armor
60:15 Light Cavalry
61:36 Iron Casting
MeowMe
5:19 Loom
11:39 Feudal Age
16:59 Castle Age
15:17 Horse Collar
15:45 Double-Bit Axe
19:29 Gold Mining
19:30 Stone Mining
21:39 Bow Saw
25:13 Wheelbarrow
26:49 Hand Cart
28:23 Town Watch
28:52 Stone Mining
29:37 Gold Shaft Mining
31:48 Imperial Age
29:54 Scale Mail Armor
29:44 Fletching
30:18 Fortified Wall
30:30 Ballistics
31:20 Town Patrol
31:34 Coiled Serpent Array
32:21 Chain Mail Armor
32:17 Forging
33:32 Conscription
34:14 Plate Mail Armor
33:35 Fletching
37:42 Bodkin Arrow
37:52 Scale Barding Armor
40:10 Elite White Feather Guard
41:33 Siege Engineers
42:30 Chemistry
46:08 Coinage
45:48 Guilds
55:28 Arrowslits
55:34 Guard Tower
56:49 Padded Archer Armor
59:12 Two-Man Saw
58:21 Squires
57:46 Capped Ram
59:23 Heavy Plow
60:40 Pikeman
61:05 Arson
61:37 Arson
61:21 Halberdier
61:48 Gambesons
[C4LL] BlackBull ~The Tortoise
10:43 Feudal Age
15:25 Castle Age
13:35 Horse Collar
14:01 Double-Bit Axe
16:18 Bow Saw
17:01 Loom
17:07 Town Watch
19:41 Wheelbarrow
21:06 Heavy Plow
21:38 Fletching
26:06 Bodkin Arrow
27:34 Gold Mining
29:09 Padded Archer Armor
29:37 Ballistics
29:56 Hand Cart
34:37 Imperial Age
32:40 Stone Mining
33:19 Leather Archer Armor
35:15 Husbandry
34:36 Light Cavalry
35:23 Scale Barding Armor
36:25 Chemistry
34:50 Elite Elephant Archer
35:40 Thumb Ring
35:46 Bracer
36:24 Ring Archer Armor
36:51 Conscription
38:28 Pikeman
39:09 Scale Mail Armor
39:21 Forging
39:43 Medical Corps
39:21 Halberdier
40:02 Squires
40:22 Chain Mail Armor
40:44 Caravan
41:44 Wootz Steel
42:19 Caravan
42:04 Siege Elephant
42:51 Arson
43:38 Plate Mail Armor
44:18 Scale Barding Armor
44:51 Iron Casting
44:22 Scale Barding Armor
44:20 Elite Urumi Swordsman
51:23 Two-Man Saw
56:29 Blast Furnace
[C4LL] Djed
5:07 Loom
11:14 Feudal Age
15:27 Castle Age
16:54 Wheelbarrow
16:29 Double-Bit Axe
16:25 Horse Collar
19:26 Town Watch
20:57 Scale Barding Armor
21:57 Bow Saw
21:52 Heavy Plow
21:44 Gold Mining
23:34 Stone Mining
29:42 Imperial Age
30:12 Scale Mail Armor
30:22 Forging
30:37 Padded Archer Armor
30:28 Fletching
31:56 Hand Cart
31:06 Pikeman
32:10 Chain Mail Armor
32:05 Forging
32:27 Ballistics
31:45 Heavy Scorpion
32:40 Halberdier
33:51 Plate Mail Armor
33:32 Forging
35:15 Onager
37:17 Iron Casting
38:27 Gold Shaft Mining
41:04 Blast Furnace
40:19 Furor Celtica
40:30 Conscription
41:21 Siege Onager
43:24 Siege Engineers
45:15 Arson
46:55 Bodkin Arrow
[C4LL] Vicemastah
7:24 Loom
10:37 Feudal Age
15:20 Castle Age
13:23 Double-Bit Axe
17:13 Horse Collar
18:46 Wheelbarrow
20:05 Scale Barding Armor
22:04 Town Watch
25:22 Forging
25:24 Stone Mining
25:24 Gold Mining
27:21 Hand Cart
29:03 Bloodlines
28:54 Husbandry
31:26 Gold Mining
34:56 Imperial Age
33:08 Chain Barding Armor
33:23 Iron Casting
33:05 Heavy Plow
33:25 Bow Saw
35:07 Iron Casting
36:18 Plate Barding Armor
36:07 Conscription
36:38 Cavalier
38:55 Stone Shaft Mining
42:13 Light Cavalry
44:34 Winged Hussar
48:23 Fletching
61:27 Bodkin Arrow
Connection lost

Rejoining the realm…

Still unreachable

The connection could not be restored.

Session expired

The server has moved on; the page needs a fresh start.